Unix NetHack Version 5.0.0-0 post-release - last build Jun 10 2026 00:39:30 (3ee93aec679c4c4259841fe613dc97188e26a321,branch:main).

Game began 2026-06-25 12:20:54, ended 2026-06-25 12:38:40.

Anarchos, lawful female dwarven Valkyrie

                -
               |             #
   ------                 -------                       -----     ------------
   |....|       -         |..G..|                       |...|##`# |..........|
   |>...|                 |..(..|               |    ## +....###  |..........|
   |....|               ##...<..|      #                |..A|#####...........|
   ----|-               # --.----               |       |...|##   ---|-.------
       #              #:#  ##                           |...|###     # ##
       #              #    #                 #          --.--# #        #
       ##             #   ##                    #        #     #        #
      --.--############ --.---------                           # -------|----
      |....#           #...........-             #       #     d#...........|
      |.|.| #     # ## #|..........|       ######### ########@@d#|..........|
      |...|             |...........########------.---|-----   d#f.....^....|
      |...|             |..........|        |..............|     ------------
      -----             ------------        |..............|
                                            |..............|
                                            |..............|
                                            ----------------

Anarchos the Skirmisher     St:17 Dx:10 Co:20 In:10 Wi:8 Ch:9  Lawful
Dlvl:9  $:181 HP:0(55) Pw:5(5) AC:5  Xp:4 T:2407 

Latest messages:
 You already found a monster.  Use 'm' prefix to force another search.
 You already found a monster.  Use 'm' prefix to force another search.
 You already found a monster.  Use 'm' prefix to force another search.
 You already found a monster.  Use 'm' prefix to force another search.
 You already found a monster.  Use 'm' prefix to force another search.
 You already found a monster.  Use 'm' prefix to force another search.
 You already found a monster.  Use 'm' prefix to force another search.
 You already found a monster.  Use 'm' prefix to force another search.
 You already found a monster.  Use 'm' prefix to force another search.
 You already found a monster.  Use 'm' prefix to force another search.
 You already found a monster.  Use 'm' prefix to force another search.
 You already found a monster.  Use 'm' prefix to force another search.
 You already found a monster.  Use 'm' prefix to force another search.
 You already found a monster.  Use 'm' prefix to force another search.
 You already found a monster.  Use 'm' prefix to force another search.
 You already found a monster.  Use 'm' prefix to force another search.
 You already found a monster.  Use 'm' prefix to force another search.
 What do you want to wear? [u or ?*] <esc>
 Never mind.
 s - an uncursed elven dagger.
 r - a +0 pair of elven boots.
 c - an uncursed +3 small shield.
 The werewolf bites!
 What do you want to throw? [$abjstz or ?*] <esc>
 Never mind.
 What do you want to throw? [$abjstz or ?*] d
 In what direction? 4
 The food ration misses the werewolf.
 The werewolf bites!
 What do you want to wear? [cru or ?*] c
 You are now wearing a small shield.
 The werewolf bites!
 What do you want to wear? [r or ?*] r
 The werewolf bites!
 The werewolf bites!
 You finish your dressing maneuver.
 What do you want to wield? [- abjstz or ?*] z
 z - a blessed long sword (weapon in right hand).
 The werewolf changes into a human.
 The werewolf hits!
 You hit the werewolf.
 The werewolf summons help!
 A wolf suddenly appears next to you!
 A wolf suddenly appears next to you!
 A wolf suddenly appears next to you!
 The werewolf hits!
 You hit the werewolf!
 The wolf bites!
 You die...
 Do you want your possessions identified? [ynq] (y) q

Inventory:
 Coins    ('$')
  $ - 181 gold pieces
 Weapons  (')')
  b - a +0 dagger (alternate weapon; not wielded)
  a - a +1 dwarvish spear
  s - a +0 elven dagger
  j - a +0 aklys
  z - a blessed +1 long sword (weapon in right hand)
  t - the +1 Orcrist
 Armor    ('[')
  r - an uncursed +0 pair of elven boots (being worn)
  u - an uncursed +0 elven shield
  c - an uncursed +3 small shield (being worn)
 Comestibles  ('%')
  d - an uncursed food ration
 Spellbooks  ('+')
  H - an uncursed spellbook of create monster
  i - a blessed spellbook of light
  v - an uncursed spellbook of turn undead
 Potions  ('!')
  E - an uncursed potion of blindness
  g - 2 uncursed potions of water
 Wands    ('/')
  e - a wand of nothing (0:8)
  y - a wand of stasis (0:6)
  w - a wand of striking (0:6)
 Tools    ('(')
  S - an uncursed bell

Anarchos the Valkyrie's attributes:

Background:
 You were a Skirmisher, a level 4 dwarven Valkyrie.
 You were lawful, on a mission for Tyr
 who was opposed by Odin (neutral) and Loki (chaotic).
 You were right-handed.
 You were in the Dungeons of Doom, on level 9.
 You entered the dungeon 2407 turns ago.
 You had 126 experience points, 34 more were needed to attain level 5.

Basics:
 You had 0 out of 55 hit points.
 You had all 5 energy points (spell power).
 Your armor class was 5.
 Your wallet contained 181 zorkmids.
 Autopickup was on for all types.

Final Characteristics:
 Your strength was 17 (limit:18/100).
 Your dexterity was 10 (limit:20).
 Your constitution was 20 (limit:20).
 Your intelligence was 10 (limit:16).
 Your wisdom was 8 (limit:16).
 Your charisma was 9 (limit:16).

Final Status:
 You weren't hungry.
 You were unencumbered.
 You were wielding a long sword.
 You were unskilled in long sword.

Final Attributes:
 You were devoutly aligned.
 You were cold resistant.
 You were level-drain resistant.
 You saw invisible.
 You had infravision.
 You were stealthy.
 You were a werejackal.
 You were harmed by silver.
 You were unlucky.
 Tyr was angry with you.
 You are dead.

Miscellaneous:
 You didn't encounter any bones levels.
 Total elapsed playing time was 17 minutes and 45 seconds.

Major events:
 Turn
    1: Anarchos the lawful dwarven Valkyrie entered the dungeon
  494: became literate by naming Orcrist
  617: attained the rank of Skirmisher (level 3)
 2407: killed by a wolf

You didn't know any spells.

Skills:
 Fighting Skills
   bare handed combat [Unskilled]
   two weapon combat  [Unskilled]
   riding             [Unskilled]
 Weapon Skills
   dagger             [Basic]
   axe                [Unskilled]
   pick-axe           [Unskilled]
   short sword        [Unskilled]
   broadsword         [Unskilled]
   long sword         [Unskilled]
   two-handed sword   [Unskilled]
   saber              [Unskilled]
   hammer             [Unskilled]
   quarterstaff       [Unskilled]
   polearms           [Unskilled]
   spear              [Basic]
   trident            [Unskilled]
   lance              [Unskilled]
   sling              [Unskilled]
 Spellcasting Skills
   attack spells      [Unskilled]
   escape spells      [Unskilled]

Voluntary challenges:
 Character rerolling was not enabled.
 You never genocided any monsters.
 You never polymorphed an object.
 You used no wishes.
Achievements:
 You attained the rank of Skirmisher.
 You entered a shop.

 The Dungeons of Doom: levels 1 to 9
    Level 1:
       A fountain.
    Level 2:
    Level 3:
       A tool shop, a grave.
    Level 4:
       An altar, a grave.
    Level 5:
    Level 6:
       A fountain, a sink.
    Level 7:
    Level 9: <- You were here.
       A grave.
       Final resting place for
          you, killed by a wolf.


Vanquished creatures:
  a Woodland-elf
  a kitten
  a kobold leader
  a werejackal
 13 acid blobs
  a hobbit
  2 large kobolds
  3 giant rats
  a yellow mold
  a red mold
  5 garter snakes
  2 geckos
  3 jackals
  a sewer rat
  2 grid bugs
  a bat
  2 lichens
  2 newts
43 creatures vanquished.

No species were genocided or became extinct.

Game over:
                       ----------
                      /          \
                     /    REST    \
                    /      IN      \
                   /     PEACE      \
                  /                  \
                  |     Anarchos     |
                  |      181 Au      |
                  | killed by a wolf |
                  |                  |
                  |                  |
                  |                  |
                  |       2026       |
                 *|     *  *  *      | *
        _________)/\\_//(\/(/\)/\//\/|_)_______

Farvel Anarchos the Valkyrie...

You died in The Dungeons of Doom on dungeon level 9 with 1127 points,
and 181 pieces of gold, after 2407 moves.
You were level 4 with a maximum of 55 hit points when you died.

